AoeStats
← Yume

Lombardia

508318871Analyzed
2v2 RM · 10d ago on Sep 21, 2026· 81m 35s· 4 players
Game mode
Random Map
Map size
Medium (4 player)
Population
200
Speed
Normal
Resources
Standard
Victory
Conquest
Starting age
Dark Age
Ending age
Imperial Age
RankedLock teamsTeams togetherTeam positionsShared explorationLock speedFull tech treeHidden civsTurbo modeCheats
Victory
Defeat
🇪🇨 Britons · Ecuador
662
+14
🇪🇸 Persians · Spain
661
+14
🇲🇩 Cumans · Moldova
641
-15
🇲🇩 Britons · Moldova
592
-13
appdata
12:30 Feudal Age
13:48 Double-Bit Axe
16:31 Horse Collar
24:40 Castle Age
22:35 Stone Mining
23:06 Gold Mining
23:18 Fletching
23:34 Scale Barding Armor
28:50 Bow Saw
30:54 Gold Shaft Mining
33:45 Imperial Age
35:56 Two-Man Saw
35:43 Conscription
36:10 Elite Kipchak
37:57 Chemistry
37:17 Ballistics
37:44 Squires
37:58 Steppe Husbandry
39:29 Hoardings
40:38 Wheelbarrow
39:49 Town Watch
40:54 Cuman Mercenaries
41:05 Heavy Plow
42:32 Bodkin Arrow
42:58 Chain Barding Armor
42:50 Forging
42:41 Padded Archer Armor
42:48 Padded Archer Armor
45:10 Thumb Ring
47:12 Leather Archer Armor
56:19 Leather Archer Armor
56:41 Iron Casting
56:42 Plate Barding Armor
61:37 Hand Cart
61:00 Pikeman
62:49 Halberdier
63:58 Town Patrol
71:16 Blast Furnace
70:17 Cavalier
valentindumitrasko
5:55 Loom
11:25 Feudal Age
16:44 Wheelbarrow
16:15 Horse Collar
19:49 Castle Age
19:55 Stone Mining
19:58 Gold Mining
19:56 Double-Bit Axe
21:46 Bow Saw
23:29 Heavy Plow
25:54 Gold Shaft Mining
25:47 Yeomen
25:18 Town Watch
29:12 Hand Cart
30:33 Crossbowman
32:52 Ballistics
32:28 Murder Holes
32:44 Fortified Wall
32:45 Masonry
32:44 Fletching
32:55 Padded Archer Armor
39:55 Imperial Age
37:30 Town Patrol
38:10 Squires
37:56 Arson
39:26 Leather Archer Armor
39:07 Bodkin Arrow
39:25 Forging
40:12 Treadmill Crane
41:03 Conscription
41:19 Hoardings
42:04 Two-Man Saw
42:32 Warwolf
43:08 Ring Archer Armor
42:39 Bracer
43:50 Chemistry
42:37 Arrowslits
43:23 Architecture
45:04 Elite Longbowman
46:04 Arbalester
48:28 Elite Skirmisher
50:04 Onager
52:27 Siege Engineers
67:55 Pikeman
73:40 Guilds
72:52 Halberdier
76:08 Scale Mail Armor
76:45 Iron Casting
Yume
11:00 Feudal Age
9:16 Loom
13:19 Horse Collar
13:43 Double-Bit Axe
19:33 Castle Age
21:49 Heavy Plow
22:10 Bow Saw
24:26 Stone Mining
24:26 Gold Mining
27:35 Yeomen
30:04 Wheelbarrow
31:43 Forging
31:23 Fletching
33:25 Caravan
36:05 Gold Shaft Mining
35:53 Hand Cart
36:38 Treadmill Crane
37:19 Ballistics
40:15 Imperial Age
39:23 Iron Casting
38:43 Bodkin Arrow
39:42 Pikeman
40:26 Squires
40:24 Elite Longbowman
42:27 Conscription
42:48 Hoardings
43:53 Blast Furnace
44:08 Two-Man Saw
43:40 Warwolf
43:19 Halberdier
49:29 Bracer
49:30 Scale Mail Armor
49:31 Padded Archer Armor
55:14 Capped Ram
58:03 Chain Mail Armor
58:03 Leather Archer Armor
58:29 Onager
58:34 Elite Skirmisher
74:48 Coinage
74:28 Guilds
80:30 Spies/Treason
Gatsu
3:42 Loom
14:03 Feudal Age
14:41 Double-Bit Axe
14:39 Horse Collar
16:00 Wheelbarrow
15:10 Town Watch
22:41 Castle Age
20:48 Gold Mining
25:45 Heavy Plow
25:58 Bow Saw
26:40 Hand Cart
28:44 Gold Shaft Mining
28:51 Caravan
36:05 Imperial Age
33:36 Town Patrol
34:37 Masonry
34:23 Murder Holes
34:49 Ballistics
38:51 Coinage
38:32 Guilds
40:47 Banking
40:28 Guilds
40:58 Architecture
41:29 Chemistry
40:27 Stone Mining
41:51 Two-Man Saw
44:57 Kamandaran
44:17 Elite War Elephant
44:29 Sappers
45:19 Conscription
46:22 Heated Shot
46:23 Guard Tower
46:30 Fletching
46:51 Forging
46:41 Padded Archer Armor
46:48 Scale Barding Armor
46:44 Scale Mail Armor
48:37 Thumb Ring
47:53 Crossbowman
50:30 Squires
50:15 Arson
50:16 Gambesons
50:38 Bodkin Arrow
50:58 Leather Archer Armor
51:19 Iron Casting
50:59 Chain Mail Armor
51:05 Chain Barding Armor
50:57 Citadels
51:23 Hoardings
53:53 Ring Archer Armor
53:35 Devotion
54:40 Blast Furnace
54:09 Husbandry
54:20 Bloodlines
55:21 Plate Mail Armor
56:47 Plate Barding Armor
58:11 Parthian Tactics
61:33 Crop Rotation
70:31 Faith
78:22 Spies/Treason
Connection lost

Rejoining the realm…

Still unreachable

The connection could not be restored.

Session expired

The server has moved on; the page needs a fresh start.